cohdb
Replays
Latest Replays
All Replays
Popular Replays
Top Player Replays
Match Explorer
How It Works
Community
CoH3 Stats
Reddit
Sign in to upload your games and track your stats! →
Sign in with Steam
Match 47034463
Unlisted
Match 47034463
Overview
Messages
Build Orders
End
Construct Barracks
Scout Squad
Riflemen Squad
1⁄4-ton 4x4 Truck
Riflemen Squad
Mechanized Support Center
Riflemen Squad
Engineer Squad
M1918 Browning Automatic Rifles
Grenade Package
Construct Motor Pool
Construct Medical Station
M3 75 mm Gun Motor Carriage
M3 75 mm Gun Motor Carriage
Sad Pepe
gio_misro
pinux.91
cayemr
0
0
Comments
sign in to comment!
No comments posted yet!